Map: Arctic Flowers LE

Players

vladius - Winner!

  • Race: Zerg Zerg
  • Spawn Location: 1:00

Spartacus - Winner!

  • Race: Zerg Zerg
  • Spawn Location: 1:00

Nyck

  • Race: Terran Terran
  • Spawn Location: 7:00

Ekelpack

  • Race: Zerg Zerg
  • Spawn Location: 7:00

VOD

Have the link to the VOD?

Description

Time

  • Played on: Nov. 27, 2024, 12:55 p.m.
  • Length: 22:04
Show
View Real Time Build Order
Export as new Build Order

vladius Zerg - Winner!

Build Orders: Hatch First 

Get SALT Encoding   

  12  0:05  Drone  
  13  0:14  Overlord  
  13  0:19  Drone  
  14  0:35  Drone x2  
  16  0:38  Drone  
  17  0:54  Drone  
  18  0:57  Hatchery  
  18  0:59  Drone  
  18  1:08  Extractor  
  17  1:13  Spawning Pool  
  16  1:18  Drone  
  16  1:21  Drone  
  19  1:32  Drone  
  19  1:42  Overlord  
  19  1:53  Drone  
  20  2:00  Queen  
  22  2:03  Drone  
  23  2:10  Drone  
  23  2:11  Queen  
  23  2:13  Metabolic Boost  
  26  2:23  Overlord  
  26  2:30  Drone  
  26  2:31  Drone  
  26  2:34  Zergling x2  
  29  2:38  Zergling x2  
  30  2:48  Zergling x4  
  32  2:54  Hatchery  
  31  3:00  Drone x2  
  31  3:04  Zergling x2  
  34  3:09  Overlord  
  34  3:27  Extractor  
  34  3:28  Spore Crawler  
  34  3:29  Drone x2  
  34  3:31  Drone x2  
  34  3:34  Lair  
  36  3:41  Drone  
  37  3:42  Drone  
  37  3:56  Drone x2  
  39  4:04  Drone x3  
  39  4:05  Drone x2  
  39  4:08  Extractor  
  39  4:09  Extractor  
  42  4:14  Baneling Nest  
  42  4:16  Drone x3  
  44  4:27  Drone x2  
  44  4:28  Drone  
  44  4:30  Queen  
  49  4:32  Drone x2  
  51  4:40  Drone x2  
  53  4:50  Zergling x6  
  56  4:57  Zergling x8  
  55  5:14  Hatchery  
  55  5:20  Overlord x5, Spire  
  53  5:24  Baneling x5  
  53  5:27  Centrifugal Hooks  
  53  5:31  Overlord x2  
  53  5:37  Queen  
  53  5:41  Queen  
  56  5:43  Drone  
  55  5:51  Drone x2  
  55  5:52  Drone x2  
  55  5:53  Drone  
  60  6:05  Overlord  
  60  6:07  Overlord  
  60  6:35  Zerg Flyer Weapons Level 1, Corruptor  
  60  6:36  Corruptor x5  
  72  6:40  Spore Crawler  
  72  6:41  Drone  
  69  6:55  Spore Crawler  
  69  6:58  Spore Crawler  
  69  6:59  Drone x3  
  69  7:00  Drone  
  70  7:07  Spore Crawler  
  50  7:37  Hatchery  
  40  7:52  Drone x2  
  40  7:53  Drone x6  
  40  7:54  Drone x4  
  40  7:55  Drone  
  53  8:08  Hatchery  
  53  8:11  Drone x3  
  55  8:23  Drone x3  
  55  8:26  Drone x2  
  60  8:27  Drone  
  61  8:34  Infestation Pit  
  60  8:41  Pneumatized Carapace  
  60  8:46  Zergling x8  
  64  8:51  Evolution Chamber  
  64  8:53  Evolution Chamber  
  62  8:59  Hatchery  
  62  9:02  Spire  
  60  9:24  Queen  
  60  9:28  Drone x5  
  60  9:29  Drone x6  
  73  9:32  Zerg Melee Weapons Level 1  
  73  9:33  Zerg Ground Armor Level 1  
  73  9:40  Hive  
  73  9:46  Drone x2  
  73  9:52  Baneling x4  
  72  10:00  Queen  
  72  10:04  Spore Crawler  
  72  10:06  Spine Crawler  
  70  10:10  Extractor  
  70  10:11  Extractor  
  70  10:13  Queen  
  70  10:16  Queen  
  70  10:18  Drone  
  70  10:20  Drone  
  70  10:21  Drone  
  75  10:33  Drone x2  
  75  10:35  Drone x3  
  79  10:38  Drone x3  
  79  10:39  Drone x3  
  86  10:44  Zerg Flyer Weapons Level 2  
  86  10:48  Queen  
  88  10:53  Corruptor  
  88  10:54  Corruptor  
  92  11:17  Overlord  
  92  11:18  Overlord x5  
  92  11:20  Drone x3  
  92  11:21  Drone  
  92  11:22  Drone x2  
  92  11:24  Drone  
  92  11:25  Overlord x2  
  99  11:28  Zergling x2, Extractor  
  99  11:29  Extractor  
  99  11:32  Zergling x2  
  99  11:35  Queen  
  99  11:36  Zerg Melee Weapons Level 2  
  99  11:37  Zerg Ground Armor Level 2  
  101  11:41  Greater Spire  
  101  11:45  Zergling x10  
  106  11:49  Baneling  
  106  11:50  Baneling x2  
  106  11:53  Drone x3  
  106  11:54  Drone x3  
  110  11:55  Drone  
  113  12:05  Drone x4  
  117  12:15  Drone x2  
  118  12:16  Drone x2  
  118  12:17  Drone  
  118  12:18  Drone x3  
  118  12:19  Drone x3  
  118  12:20  Hatchery  
  127  12:29  Baneling x4  
  127  12:30  Baneling x7  
  127  12:31  Baneling  
  127  12:33  Zergling x10  
  132  12:38  Overlord  
  132  12:44  Ultralisk Cavern, Adrenal Glands  
  132  12:45  Extractor  
  132  12:47  Overlord x2  
  132  12:49  Overseer x2  
  132  12:50  Overlord x2, Extractor  
  129  13:04  Overlord x2  
  129  13:05  Overlord x2  
  129  13:06  Zergling x12  
  129  13:07  Zergling x8  
  129  13:09  Corruptor  
  141  13:33  Drone x3  
  141  13:34  Drone x3  
  146  13:36  Chitinous Plating  
  146  13:39  Zergling x10  
  146  13:40  Zergling x8  
  155  13:42  Overlord  
  155  13:43  Overlord  
  155  13:44  Overlord  
  155  13:46  Overlord  
  153  13:49  Drone x5  
  153  13:52  Spine Crawler  
  153  13:54  Spore Crawler  
  156  14:02  Zerg Flyer Weapons Level 3  
  156  14:04  Zerg Flyer Armor Level 1  
  156  14:05  Zerg Melee Weapons Level 3  
  156  14:06  Zerg Ground Armor Level 3  
  156  14:15  Drone  
  156  14:16  Drone x3  
  161  14:17  Drone  
  161  14:18  Drone x4  
  161  14:19  Drone x2  
  167  14:30  Ultralisk x3  
  185  14:35  Overlord x3  
  184  14:49  Ultralisk x2  
  196  14:53  Overlord  
  196  14:55  Anabolic Synthesis  
  161  15:25  Ultralisk x3  
  161  15:26  Zergling x2, Ultralisk x3  
  161  15:27  Zergling x4  
  191  16:08  Zergling x4  
  179  16:24  Brood Lord  
  179  16:25  Brood Lord x7  
  195  16:37  Zergling x2  
  195  16:38  Zergling x4  
  172  17:04  Corruptor x4  
  172  17:05  Corruptor x4  
  169  17:15  Overseer x5  
  163  17:16  Overlord x3  
  151  17:33  Hatchery  
  151  17:36  Extractor  
  141  17:46  Corruptor x3  
  141  17:47  Corruptor x6  
  167  17:54  Zergling x2  
  167  17:55  Zergling x4  
  166  17:58  Ultralisk x2  
  166  17:59  Ultralisk x2  
  148  18:26  Zergling x6  
  151  18:31  Brood Lord x5  
  161  18:39  Ultralisk x6  
  197  18:46  Zerg Missile Weapons Level 1  
  197  19:01  Zergling x4  
  192  19:04  Baneling x4  
  192  19:05  Baneling x2  
  192  19:06  Zergling x8  
  195  19:21  Zergling x4  
  183  19:41  Corruptor x6  
  162  20:03  Zergling x6  
  147  20:11  Viper, Corruptor  
  147  20:12  Zergling x2, Ultralisk x4  
  147  20:13  Zergling x4  
  159  20:22  Zergling x10  
  159  20:28  Extractor  
  159  20:30  Drone x3  
  159  20:32  Zergling x2  
  159  20:33  Zergling x8  
  159  20:34  Zergling x18  
  175  20:42  Zergling x14  
  170  20:45  Zergling x4  
  167  20:55  Ultralisk x3  
  167  20:56  Ultralisk  
  166  21:08  Zergling x6  
  161  21:13  Hatchery  
  161  21:15  Drone  
  160  21:19  Zergling x24  
  160  21:20  Zergling x10  
  177  21:29  Overlord  
  177  21:30  Overlord x2  
  177  21:35  Zergling x8  
  177  21:38  Zergling x2  
  182  21:41  Zergling x4  
Show
View Real Time Build Order
Export as new Build Order

Spartacus Zerg - Winner!

Build Orders: Hatch First, Lurkers, Roach Hydra, Roach Nydus 

Get SALT Encoding   

  12  0:01  Drone  
  13  0:12  Overlord  
  13  0:16  Drone  
  14  0:27  Drone, Extractor  
  14  0:31  Drone  
  15  0:36  Drone  
  16  0:51  Drone  
  17  1:01  Hatchery  
  16  1:04  Drone  
  17  1:14  Spawning Pool  
  17  1:16  Drone  
  17  1:20  Drone  
  18  1:28  Drone  
  19  1:39  Overlord  
  19  1:58  Drone, Extractor  
  19  2:00  Queen  
  21  2:02  Drone  
  22  2:13  Drone  
  23  2:18  Roach Warren  
  23  2:21  Drone  
  23  2:23  Queen  
  23  2:25  Drone  
  23  2:28  Drone  
  27  2:37  Drone  
  28  2:40  Overlord  
  28  2:49  Queen  
  30  2:54  Drone x2  
  32  3:02  Drone x2  
  34  3:06  Roach  
  34  3:10  Roach  
  40  3:12  Roach  
  40  3:16  Roach  
  42  3:21  Spore Crawler  
  42  3:22  Drone  
  42  3:25  Drone  
  43  3:27  Drone  
  43  3:31  Spore Crawler  
  43  3:38  Lair  
  43  3:41  Drone  
  43  3:46  Overlord  
  44  3:53  Overlord  
  44  3:58  Drone, Evolution Chamber  
  44  4:05  Drone, Extractor  
  44  4:06  Drone x3  
  44  4:09  Drone  
  48  4:17  Overlord x2  
  48  4:20  Drone  
  48  4:22  Drone  
  50  4:25  Drone  
  50  4:29  Overlord  
  51  4:35  Roach  
  51  4:36  Roach  
  51  4:38  Glial Reconstitution  
  55  4:42  Zerg Missile Weapons Level 1  
  55  4:47  Roach  
  57  4:59  Roach x4  
  65  5:05  Spine Crawler  
  65  5:06  Roach x2  
  68  5:13  Drone  
  69  5:15  Evolution Chamber  
  69  5:16  Overlord x2  
  68  5:24  Drone x2  
  68  5:26  Drone x2, Spore Crawler  
  71  5:32  Overlord x2  
  71  5:42  Nydus Network  
  70  5:55  Drone  
  70  5:56  Drone  
  72  6:01  Extractor  
  72  6:03  Spore Crawler  
  70  6:05  Roach x2  
  70  6:10  Drone x2  
  70  6:11  Overlord  
  76  6:13  Hatchery, Pneumatized Carapace  
  75  6:20  Spine Crawler  
  75  6:21  Drone x2, Evolution Chamber  
  75  6:29  Zerg Ground Armor Level 1  
  75  6:33  Drone x2  
  77  6:41  Spore Crawler  
  74  6:48  Spore Crawler x2  
  74  6:52  Spore Crawler  
  74  6:53  Spore Crawler  
  70  6:54  Spore Crawler  
  70  6:58  Hydralisk Den  
  68  7:02  Drone x2  
  70  7:19  Nydus Canal  
  70  7:21  Spore Crawler  
  49  7:45  Nydus Network  
  48  7:54  Grooved Spines  
  48  7:55  Hydralisk x7  
  48  7:58  Drone  
  63  7:59  Drone  
  63  8:01  Hatchery, Drone  
  64  8:07  Drone  
  64  8:08  Spore Crawler  
  64  8:15  Zerg Missile Weapons Level 2  
  64  8:26  Nydus Canal  
  64  8:30  Spore Crawler, Hydralisk  
  65  8:34  Hydralisk  
  65  8:35  Hydralisk  
  69  8:44  Muscular Augments  
  57  8:59  Hydralisk x4  
  57  9:00  Hydralisk  
  67  9:11  Hydralisk x2  
  71  9:17  Ravager x2  
  71  9:18  Ravager x3  
  71  9:20  Drone x2  
  78  9:27  Spore Crawler  
  78  9:30  Hydralisk x2  
  81  9:34  Overseer  
  81  9:46  Drone, Overlord, Lurker Den  
  81  9:50  Drone x2  
  83  9:54  Drone  
  84  10:02  Hydralisk x2  
  88  10:08  Spore Crawler  
  87  10:17  Hydralisk x3  
  93  10:28  Infestation Pit  
  92  10:32  Nydus Canal  
  92  10:42  Overlord x2  
  92  10:43  Overlord x2  
  92  10:44  Drone  
  75  11:18  Hydralisk x3  
  75  11:19  Hydralisk x3  
  75  11:21  Hydralisk x2  
  75  11:22  Hydralisk  
  64  11:30  Drone x3  
  64  11:32  Lurker x2  
  69  11:37  Hydralisk  
  71  11:42  Lurker  
  71  11:45  Lurker  
  73  11:51  Hive  
  73  11:54  Lurker  
  74  12:05  Drone x5  
  74  12:07  Extractor  
  78  12:09  Extractor  
  78  12:11  Spore Crawler  
  76  12:24  Overlord x2  
  76  12:26  Drone x3  
  76  12:27  Drone x3  
  76  12:29  Drone  
  83  12:34  Drone x3  
  86  12:41  Zerg Ground Armor Level 2  
  86  12:49  Nydus Network  
  86  12:50  Drone  
  86  13:03  Seismic Spines  
  86  13:07  Hatchery  
  86  13:10  Hydralisk x2  
  89  13:16  Drone  
  89  13:17  Queen  
  92  13:24  Hydralisk x2  
  96  13:28  Nydus Canal  
  96  13:34  Hydralisk x3  
  102  13:41  Hydralisk x2  
  106  14:00  Adaptive Talons  
  104  14:06  Hydralisk x7  
  104  14:07  Hydralisk x2  
  94  14:12  Lurker x3  
  94  14:19  Lurker  
  94  14:24  Drone x4  
  98  14:28  Lurker x2  
  101  14:32  Evolution Chamber  
  101  14:37  Evolution Chamber  
  99  14:40  Lurker x2  
  99  14:41  Evolution Chamber  
  100  14:47  Evolution Chamber  
  100  14:49  Drone x4  
  100  14:50  Evolution Chamber  
  102  14:52  Lurker x2  
  104  15:05  Hydralisk x4  
  98  15:08  Hydralisk  
  98  15:11  Hydralisk  
  79  15:17  Hydralisk  
  79  15:18  Hydralisk  
  74  15:31  Lurker  
  74  15:32  Spine Crawler  
  69  15:42  Lurker  
  69  15:44  Drone x3  
  73  15:50  Extractor  
  73  15:52  Extractor  
  73  15:53  Lurker  
  69  16:17  Lurker  
  66  16:37  Hatchery  
  65  16:50  Hatchery  
  65  16:52  Overseer x2  
  65  16:53  Hydralisk x3  
  70  17:15  Drone x4  
  73  17:16  Drone x3  
  73  17:19  Overlord x2  
  77  17:26  Overseer  
  77  17:33  Drone x2  
  77  17:34  Drone  
  80  17:46  Lurker x2  
  80  17:47  Lurker  
  80  17:51  Extractor  
  82  17:53  Extractor  
  81  18:20  Overseer  
  81  18:25  Drone  
  81  18:26  Drone x3  
  85  18:29  Extractor  
  85  18:30  Extractor  
  83  18:34  Overseer  
  83  18:35  Drone x2  
  83  18:36  Drone x2  
  83  18:37  Drone, Overlord  
  83  18:38  Overlord  
  83  18:39  Metabolic Boost  
  88  18:42  Zerg Missile Weapons Level 3  
  87  19:00  Spine Crawler  
  86  19:03  Spore Crawler  
  86  19:06  Hydralisk x2  
  86  19:07  Hydralisk  
  91  19:12  Drone x5, Spore Crawler  
  91  19:13  Drone x2  
  91  19:14  Spine Crawler  
  96  19:18  Queen  
  96  19:20  Hatchery  
  97  19:26  Spine Crawler  
  97  19:28  Spine Crawler  
  95  19:31  Hydralisk x3  
  95  19:32  Hydralisk x2  
  105  19:39  Hydralisk x2  
  105  19:43  Overseer x2  
  105  19:44  Overseer  
  109  19:50  Hydralisk x2  
  113  19:59  Hydralisk x3  
  119  20:09  Hydralisk x3  
  119  20:10  Hydralisk  
  119  20:14  Hydralisk  
  127  20:18  Lurker  
  128  20:21  Hydralisk x2  
  128  20:26  Lurker  
  133  20:43  Drone  
  133  20:44  Drone x3  
  133  20:46  Extractor  
  133  20:48  Extractor  
  133  20:49  Spore Crawler  
  134  20:51  Spine Crawler  
  134  20:55  Hydralisk x2  
  134  20:56  Hydralisk x3  
  141  21:17  Hydralisk x3  
  141  21:18  Hydralisk x4  
  141  21:20  Hydralisk  
  141  21:24  Hydralisk  
  147  21:38  Overlord x2, Hydralisk x2  
  147  21:39  Hydralisk  
  153  21:47  Zergling x2  
Show
View Real Time Build Order
Export as new Build Order

Nyck Terran 

Build Orders: 2 Factory, Hellion Opening 

Get SALT Encoding   

  12  0:00  SCV  
  13  0:12  SCV  
  14  0:19  Supply Depot  
  14  0:26  SCV  
  15  0:43  SCV, Barracks  
  15  0:47  Refinery  
  16  0:51  Refinery  
  16  0:55  SCV  
  17  1:08  SCV  
  18  1:20  SCV  
  18  1:25  Supply Depot  
  19  1:33  SCV  
  19  1:34  Factory  
  19  1:38  Barracks Tech Lab  
  20  1:45  SCV  
  21  2:00  Orbital Command  
  21  2:03  Factory  
  21  2:25  Barracks Reactor  
  21  2:27  SCV  
  22  2:31  Hellion  
  24  2:37  Infernal Pre-Igniter  
  24  2:40  SCV  
  25  3:03  Hellion  
  27  3:07  SCV  
  27  3:11  Command Center  
  30  3:20  Hellion  
  30  3:24  Supply Depot  
  30  3:31  SCV  
  31  3:46  Hellion x3  
  31  3:47  Supply Depot  
  37  3:48  SCV  
  37  3:52  Barracks Reactor  
  38  4:00  SCV  
  39  4:13  SCV  
  40  4:20  Supply Depot  
  40  4:23  Refinery  
  40  4:25  SCV  
  40  4:27  Orbital Command  
  41  4:33  Refinery  
  41  4:38  SCV  
  42  5:10  SCV x2  
  42  5:12  Hellion x3  
  50  5:22  SCV x2  
  52  5:34  Hellion x3  
  56  5:57  SCV x2  
  58  6:07  Siege Tank  
  58  6:09  SCV x2  
  58  6:10  Widow Mine x2  
  67  6:31  Widow Mine  
  69  6:35  Command Center  
  69  6:42  Command Center  
  69  6:45  SCV  
  70  6:56  Command Center  
  70  6:58  Command Center  
  70  7:20  SCV x2, Widow Mine  
  70  7:23  Widow Mine  
  70  7:29  Siege Tank  
  69  7:32  SCV  
  70  7:41  Widow Mine  
  60  8:01  Siege Tank  
  67  8:05  Widow Mine  
  67  8:06  Widow Mine  
  67  8:12  Orbital Command  
  67  8:15  Orbital Command, Refinery  
  67  8:17  SCV x2  
  67  8:18  Refinery  
  69  8:23  Orbital Command  
  69  8:26  Refinery  
  71  8:27  Widow Mine  
  71  8:29  SCV x2  
  71  8:31  Widow Mine  
  71  8:33  Siege Tank  
  76  8:48  Widow Mine  
  76  8:52  Widow Mine  
  77  9:04  SCV x2  
  77  9:05  SCV x3, Siege Tank  
  77  9:09  Supply Depot  
  87  9:10  Widow Mine  
  87  9:14  Widow Mine  
  87  9:16  SCV  
  87  9:17  SCV x2  
  92  9:23  SCV x2  
  94  9:28  SCV  
  94  9:29  SCV x2  
  99  9:31  Widow Mine  
  99  9:32  Supply Depot  
  99  9:35  SCV x2  
  99  9:37  Siege Tank  
  104  9:45  SCV x3  
  107  9:52  SCV x3  
  110  9:55  Supply Depot  
  110  9:57  SCV x3  
  113  10:04  SCV  
  114  10:09  SCV x2, Siege Tank  
  119  10:17  Supply Depot  
  119  10:21  Barracks  
  119  10:22  Barracks  
  119  10:23  Barracks  
  119  10:26  Barracks  
  119  10:32  Engineering Bay  
  119  10:33  Engineering Bay  
  119  10:35  SCV x4  
  122  10:36  SCV  
  122  10:40  Supply Depot  
  124  11:03  Supply Depot  
  121  11:13  Barracks  
  121  11:16  Barracks  
  121  11:17  Barracks  
  121  11:20  Barracks  
  121  11:25  Supply Depot  
  121  11:30  SCV x3  
  121  11:31  SCV  
  125  11:40  Barracks Tech Lab x4  
  125  11:46  Terran Infantry Weapons Level 1, Terran Infantry Armor Level 1  
  125  11:47  Supply Depot  
  125  11:50  Armory  
  125  11:53  Ghost Academy  
  125  11:55  SCV x3  
  125  11:57  Orbital Command  
  128  12:03  SCV  
  129  12:10  Supply Depot, Refinery  
  129  12:11  SCV x3  
  129  12:15  SCV  
  133  12:16  Barracks Tech Lab  
  133  12:17  Barracks Tech Lab x2  
  133  12:23  SCV x3  
  133  12:27  SCV x2  
  138  12:30  Ghost x2  
  138  12:31  Refinery, Ghost x2  
  138  12:35  SCV x2  
  152  12:47  Ghost  
  152  12:48  Ghost  
  152  12:49  Ghost  
  152  12:50  Marine x2  
  163  12:54  Combat Shield  
  163  12:56  Stimpack  
  163  12:58  Concussive Shells  
  163  12:59  Ghost  
  163  13:00  Ghost x2  
  163  13:01  Ghost  
  163  13:03  Barracks Tech Lab  
  175  13:19  Ghost x2  
  175  13:20  Ghost  
  175  13:21  Ghost  
  175  13:26  Supply Depot  
  187  13:28  Ghost x2  
  187  13:29  Ghost  
  187  13:31  Personal Cloaking  
  196  13:37  Ghost Academy  
  190  14:16  SCV x3  
  194  14:17  SCV x2  
  194  14:19  Terran Infantry Weapons Level 2  
  194  14:20  Terran Infantry Armor Level 2  
  194  14:23  Supply Depot, Ghost  
  193  14:56  Nuke  
  137  15:35  Ghost x3  
  137  15:36  Ghost x5  
  161  16:04  Ghost x6  
  161  16:05  Ghost x2  
  160  16:32  Ghost x3  
  160  16:33  Ghost  
  118  17:59  Ghost x8  
  142  18:24  SCV  
  142  18:25  SCV x3  
  140  18:27  Ghost  
  140  18:28  Ghost  
  144  18:43  SCV x4  
  144  18:44  Ghost x2  
  144  18:45  Ghost x3  
  153  19:04  Marine x5  
  158  19:13  Marine x3, Terran Infantry Weapons Level 3  
  158  19:14  Marine x2  
  158  19:15  Terran Infantry Armor Level 3  
  163  19:18  SCV x3  
  163  19:21  Marine  
  163  19:22  Marine x4  
  171  19:31  Marine x4  
  171  19:32  Marine  
  176  19:39  Marine  
  176  19:40  Marine x4  
  180  19:49  Marine x5  
  185  19:57  Marine x4  
  185  19:58  Marine  
  180  20:07  Marine x5  
  129  20:15  Marine x5  
  129  20:24  Marine  
  129  20:25  Marine x4  
  134  20:33  Marine x5  
  134  20:35  Command Center  
  139  20:39  Nuke  
  139  20:42  Marine x3  
  139  20:43  Marine x2  
  142  20:50  Marine  
  142  20:51  Marine x4  
  146  21:00  Marine x4  
  146  21:01  Marine  
  147  21:08  Marine  
  147  21:09  Marine x4, Refinery  
  151  21:18  Marine x5  
  86  21:26  Marine  
  86  21:27  Marine x2  
  87  21:37  Marine  
  87  21:38  Marine x6  
  84  21:44  Marine x3  
Show
View Real Time Build Order
Export as new Build Order

Ekelpack Zerg 

Build Orders: Hatch First 

Get SALT Encoding   

  12  0:01  Drone  
  13  0:12  Overlord  
  13  0:17  Drone  
  14  0:31  Drone  
  15  0:47  Drone, Hatchery  
  15  1:02  Spawning Pool  
  14  1:06  Drone  
  14  1:11  Drone, Extractor  
  14  1:15  Drone  
  14  1:18  Drone  
  17  1:28  Drone  
  18  1:39  Drone  
  19  1:48  Queen  
  19  1:50  Zergling x2  
  22  2:01  Queen  
  22  2:04  Drone  
  25  2:17  Drone  
  25  2:21  Metabolic Boost  
  26  2:23  Overlord  
  26  2:30  Drone  
  27  2:38  Drone  
  27  2:44  Drone x3  
  31  2:46  Drone  
  31  2:50  Lair  
  31  2:51  Extractor  
  31  2:56  Drone x2  
  33  3:03  Drone x3  
  33  3:05  Overlord  
  36  3:27  Zergling x6  
  36  3:28  Zergling x2, Overlord  
  40  3:38  Drone  
  40  3:40  Extractor  
  39  3:41  Extractor  
  38  3:56  Zergling x8  
  38  3:57  Zergling x4  
  44  4:06  Queen  
  46  4:10  Drone  
  46  4:11  Drone  
  46  4:12  Overlord  
  46  4:13  Spire  
  47  4:25  Drone  
  47  4:28  Drone  
  47  4:29  Drone x2  
  51  4:33  Overlord  
  51  4:41  Drone x3  
  54  5:04  Overlord x2  
  54  5:05  Overlord  
  54  5:11  Overlord  
  54  5:18  Drone  
  55  5:35  Mutalisk x2  
  55  5:36  Mutalisk x4  
  67  5:47  Mutalisk x2  
  67  5:48  Mutalisk x2  
  74  5:56  Mutalisk  
  76  5:57  Mutalisk x3  
  82  6:08  Mutalisk x2  
  87  6:18  Drone  
  87  6:19  Zerg Flyer Weapons Level 1, Hatchery  
  86  6:32  Mutalisk  
  88  6:33  Zergling x2  
  88  6:34  Zergling x8  
  93  6:59  Overlord x3  
  93  7:00  Zergling x8  
  81  7:38  Mutalisk  
  81  7:39  Mutalisk x5  
  87  7:50  Drone x2  
  89  8:03  Infestation Pit  
  89  8:05  Hydralisk Den, Drone  
  87  8:06  Drone  
  87  8:11  Evolution Chamber  
  87  8:12  Evolution Chamber  
  87  8:17  Drone  
  87  8:19  Drone x3  
  91  8:27  Drone  
  91  8:28  Drone x5  
  91  8:31  Extractor  
  91  8:32  Extractor  
  95  8:35  Grooved Spines  
  95  8:37  Zerg Missile Weapons Level 1  
  95  8:38  Zerg Ground Armor Level 1  
  95  8:39  Hive  
  90  8:50  Zergling x4  
  90  8:51  Zergling x2, Hydralisk x5  
  97  9:06  Hydralisk x3  
  97  9:07  Hydralisk  
  105  9:11  Drone x3  
  105  9:16  Drone x3  
  112  9:17  Drone x4  
  115  9:25  Muscular Augments  
  115  9:32  Overlord  
  115  9:41  Overlord  
  115  9:42  Hydralisk x3  
  121  9:49  Overlord x2  
  121  9:50  Overlord x3  
  121  9:58  Ultralisk Cavern  
  120  10:15  Hydralisk x5  
  120  10:16  Hydralisk x6  
  120  10:17  Hydralisk  
  144  11:06  Hydralisk x4  
  144  11:07  Hydralisk  
  144  11:08  Overlord x2, Ultralisk x2  
  144  11:09  Overlord x2  
  137  11:30  Zerg Missile Weapons Level 2, Zerg Ground Armor Level 2  
  137  11:41  Ultralisk  
  137  11:42  Ultralisk  
  137  11:44  Adrenal Glands  
  137  11:46  Zergling x12  
  137  11:47  Zergling x12  
  157  11:48  Zergling x8  
  165  12:03  Ultralisk x5  
  165  12:05  Zergling x6  
  165  12:06  Zergling x2  
  199  12:09  Hatchery  
  198  12:33  Hatchery  
  198  12:36  Unknown  
  197  12:37  Extractor  
  197  12:39  Chitinous Plating  
  197  12:40  Extractor  
  194  13:31  Drone x2  
  195  13:57  Ultralisk  
  195  13:58  Anabolic Synthesis  
  195  14:02  Overseer x4  
  180  14:10  Ultralisk x2  
  180  14:11  Hydralisk x4  
  180  14:15  Drone  
  176  15:07  Ultralisk x5  
  176  15:08  Ultralisk x3  
  176  15:09  Ultralisk  
  164  15:17  Hydralisk x2  
  164  15:18  Zergling x8  
  164  15:19  Zergling x12  
  164  15:20  Zergling x8  
  164  15:21  Overlord x4  
  182  15:22  Overlord  
  150  15:34  Zergling x10  
  150  15:35  Zergling x12  
  154  15:36  Zergling x12  
  154  15:37  Zergling x10  
  154  15:38  Zergling x8  
  161  16:10  Drone x2  
  161  16:11  Drone  
  164  16:13  Drone x3  
  165  16:19  Extractor  
  164  16:32  Hydralisk x2, Extractor  
  163  16:33  Hydralisk x6  
  163  16:34  Hydralisk x6  
  122  17:13  Hydralisk  
  122  17:14  Hydralisk x6  
  122  17:15  Hydralisk x7  
  132  17:16  Hydralisk x3  
  142  17:31  Drone  
  133  17:55  Hydralisk x5  
  133  17:56  Hydralisk x6  
  133  17:57  Hydralisk  
  139  18:24  Drone x2  
  141  18:30  Hydralisk x2  
  141  18:31  Hydralisk x6  
  157  18:42  Drone  
  158  18:49  Zerg Missile Weapons Level 3  
  158  18:50  Zerg Ground Armor Level 3  
  84  19:40  Hydralisk x5  
  84  19:41  Hydralisk x2  
  84  19:44  Ultralisk x4  
  122  20:05  Zergling x4  
  122  20:06  Zergling x12  
  89  20:45  Hydralisk x2  
  89  20:46  Hydralisk x3  
  95  21:02  Viper  
  95  21:03  Hydralisk x6  
  95  21:04  Hydralisk x5  
  76  21:31  Hatchery  
Tags
 
Add a new tag
Caveats
  • Supply blocks, unpowered buildings, or Contaminate may cause inaccurate times.
  • Supply counts are checked every 10 seconds.